 Dungeon Crawl Stone Soup version 0.25.0-1-g7eea58d2a3 (webtiles) character file.

Game seed: 7874195111787387350

448 Delamore the Cudgeler (level 7, -1/41 HPs)
             Began as a Gargoyle Fighter on June 14, 2020.
             Slain by an ogre
             ... wielding a +0 giant spiked club
              (21 damage)
             ... on level 4 of the Dungeon.
             The game lasted 00:01:57 (2076 turns).

Delamore the Cudgeler (Gargoyle Fighter)            Turns: 2076, Time: 00:01:58

Health: -1/41      AC: 13    Str: 22    XL:     7   Next: 3%
Magic:  7/7        EV:  5    Int:  8    God:
Gold:   154        SH:  9    Dex:  9    Spells: 6/6 levels left

rFire    . . .     SeeInvis .   g - +1 whip (elec)
rCold    . . .     Gourm    .   c - +0 kite shield
rNeg     + . .     Faith    .   s - +0 chain mail
rPois    ∞         Spirit   .   (no helmet)
rElec    +         Reflect  .   (no cloak)
rCorr    .         Harm     .   (no gloves)
MR       .....                  (no boots)
Stlth    ..........             (no amulet)
HPRegen  0.13/turn              (no ring)
MPRegen  0.10/turn              (no ring)

@: no status effects
A: negative energy resistance 1, electricity resistance, unbreathing,
petrification resistance, rot immunity, AC +4
a: no special abilities


You were on level 4 of the Dungeon.
You were not hungry.

You visited 1 branch of the dungeon, and saw 4 of its levels.

You collected 154 gold pieces.

Inventory:

Hand Weapons
 a - a +0 flail
 g - a +1 whip of electrocution (weapon)
Missiles
 e - 6 javelins (quivered)
Armour
 c - a +0 kite shield (worn)
 s - a +0 chain mail (worn)
Scrolls
 b - 3 scrolls of identify {unknown}
 j - 5 scrolls of remove curse {unknown}
 l - a scroll of blinking {unknown}
 m - a scroll of amnesia {unknown}
 n - 2 scrolls of enchant weapon {unknown}
 o - a scroll of immolation {unknown}
 r - 2 scrolls of teleportation {unknown}
 t - a scroll of magic mapping {unknown}
Potions
 d - a potion of might
 h - 3 potions of curing {unknown}
 k - a potion of ambrosia {unknown}
 p - 2 potions of heal wounds {unknown}
 q - a potion of magic {unknown}
Comestibles
 f - 9 rations
 i - 4 chunks of flesh


   Skills:
 - Level 3.2 Fighting
 + Level 7.3 Maces & Flails
 - Level 3.2 Armour
 - Level 3.2 Shields


You had 6 spell levels left.
You didn't know any spells.
Your spell library contained the following spells:

 Spells                   Type           Power        Failure   Level  Hunger
 Animate Skeleton         Necr           N/A          100%        1    ##.....
 Apportation              Tloc           #.....       100%        1    ##.....
 Corona                   Hex            #......      100%        1    ##.....
 Summon Small Mammal      Summ           #...         100%        1    ##.....


Dungeon Overview and Level Annotations

Branches:
Dungeon (4/15)
 Temple: D:4-7

Altars:
Dithmenos


Innate Abilities, Weirdness & Mutations

You are resistant to torment.
Your stone body is resilient. (AC +4)
You are immune to poison.
You resist negative energy. (rN+)
You are resistant to electric shocks. (rElec)
You can survive without breathing.
You are immune to petrification.
You are immune to rotting.


Message History

You are too injured to fight recklessly!
You are too injured to fight recklessly!
You are too injured to fight recklessly!
You are too injured to fight recklessly!
You are too injured to fight recklessly!
You are too injured to fight recklessly!
You are too injured to fight recklessly!
You are too injured to fight recklessly!
You are too injured to fight recklessly!
You are too injured to fight recklessly!
You hit the ogre.
The ogre is almost dead.
You hit the ogre but do no damage.
The ogre is almost dead.
The ogre completely misses you.
You hit the ogre.
The ogre is almost dead.
The ogre hits you with a +0 giant spiked club!!
Ouch! That really hurt!
You die...

###..##
..........#
######...##
.........##
........##
......###
..##..$..##
######
#......##
##......###
#.......)## #
#.........## .
##.....@)..#
#.
#...?..O....#
##...........#
#...........#
#............
##...........
#...........
#..........#


You could see an ogre.

Vanquished Creatures
  Eustachio (D:4)
  An ogre (D:4)
  A howler monkey (D:4)
  A hound (D:4)
  An iguana (D:4)
  2 worker ants (D:4)
  3 adders
  2 worms (D:3)
  An adder skeleton (D:4)
  A leopard gecko (D:1)
  5 giant cockroaches
  9 hobgoblins
  6 jackals
  8 kobolds
  A quokka (D:3)
  2 ball pythons (D:1)
  4 bats (D:1)
  3 frilled lizards
  2 goblins
  9 rats
63 creatures vanquished.

Notes
Turn   | Place    | Note
-------+----------+-------------------------------------------
     0 | D:1      | Delamore the Gargoyle Fighter began the quest for the Orb.
     0 | D:1      | Reached XP level 1. HP: 14/14 MP: 1/1
   143 | D:1      | Reached XP level 2. HP: 19/19 MP: 2/2
   302 | D:1      | Reached skill level 3 in Maces & Flails
   598 | D:1      | Reached XP level 3. HP: 22/23 MP: 3/3
   964 | D:2      | Reached skill level 4 in Maces & Flails
  1300 | D:3      | Found a shadowy altar of Dithmenos.
  1309 | D:3      | Reached XP level 4. HP: 25/28 MP: 4/4
  1845 | D:4      | Reached skill level 5 in Maces & Flails
  1845 | D:4      | Reached XP level 5. HP: 32/32 MP: 5/5
  1974 | D:4      | Noticed Eustachio
  1984 | D:4      | Killed Eustachio
  1984 | D:4      | Reached skill level 6 in Maces & Flails
  1984 | D:4      | Reached XP level 6. HP: 35/37 MP: 6/6
  2071 | D:4      | Reached skill level 7 in Maces & Flails
  2071 | D:4      | Reached XP level 7. HP: 37/41 MP: 7/7
  2076 | D:4      | Slain by an ogre

Illustrated notes

Levels and vault maps discovered:
D:1:      nicolae_arrival_memento_mori, layout_basic, minmay_hexomino_u4
D:2:      layout_loops_ring
D:3:      layout_basic, nicolae_dithmenos_through_a_glass_darkly,
          minmay_misc_feat_tiny
D:4:      layout_cave_pods, first_ration, uniq_grinder, uniq_eustachio

Skill      XL: |  1  2  3  4  5  6 |
---------------+-------------------+-----
Maces & Flails | 3 4 5 6 7 |  7.3
Fighting       | |  3.2
Armour         | |  3.2
Shields        | |  3.2

Action                   |  1- 3 |  4- 6 |  7- 9 || total
-------------------------+-------+-------+-------++-------
Melee: Whip              |   100 |    68 |     4 ||   172
  Eat: Chunk             |     1 |     3 |       ||     4
Armor: Scale mail        |    37 |       |       ||    37
       Chain mail        |     6 |    24 |       ||    30
Dodge: Dodged            |    29 |    13 |     1 ||    43
Block: Kite shield       |    50 |    21 |     1 ||    72
